 Dungeon Crawl Stone Soup version 0.27-a0-286-g37e0bc138e (webtiles) character file.

Game seed: 7240542979016904033

19804 Zazzzer the Geomancer (level 12, 0/70 HPs)
             Began as a Gargoyle Earth Elementalist on Feb 8, 2021.
             Was a High Priest of Vehumet.
             Slain by a manticore (7 damage)
             ... on level 12 of the Dungeon.
             The game lasted 00:41:49 (16637 turns).

Zazzzer the Geomancer (GrEE)                       Turns: 16637, Time: 00:41:49

Health: 0/70       AC: 25    Str: 11    XL:     12   Next: 72%
Magic:  13/25      EV:  7    Int: 24    God:    Vehumet [*****.]
Gold:   792        SH:  0    Dex: 10    Spells: 19/29 levels left

rFire    + + +     SeeInvis .   H - +9 dagger of Ahaigg {vorpal, +Inv rPois rF+++ Str-2 Int+4}
rCold    + . .     Faith    .   (no shield)
rNeg     + . .     Spirit   .   B - +2 robe {rC+}
rPois    ∞         Reflect  .   j - +1 helmet
rElec    +         Harm     .   h - +1 cloak
rCorr    .         Rampage  .   s - +2 pair of gloves
Will     .....                  y - +1 pair of boots
Stlth    ++........             E - amulet of magic regeneration
HPRegen  0.21/turn              i - ring of protection from fire
MPRegen  0.44/turn              p - ring of wizardry

@: mighty, very slightly contaminated, held, invisible
A: icy blue scales 1, negative energy resistance 1, electricity resistance,
unbreathing, evolution 1, petrification resistance, miasma immunity, AC +8
a: Renounce Religion, Evoke Invisibility


You were on level 12 of the Dungeon.
You worshipped Vehumet.
Vehumet was extremely pleased with you.
You visited 2 branches of the dungeon, and saw 13 of its levels.

You collected 1100 gold pieces.
You spent 308 gold pieces at shops.

Inventory:

Hand Weapons
 g - a +2 dagger of venom
 x - a cursed +4 flail
 F - a +2 great mace of draining
 H - the +9 dagger of Ahaigg (weapon) {vorpal, +Inv rPois rF+++ Str-2 Int+4}
   (You found it on level 11 of the Dungeon)

   It inflicts extra damage upon your enemies.
   It affects your strength (-2).
   It affects your intelligence (+4).
   It renders you almost immune to fire.
   It protects you from poison.
   It lets you turn invisible.
Missiles
 b - 238 stones
 v - 6 throwing nets
Armour
 h - a +1 cloak (worn)
 j - a +1 helmet (worn)
 s - a +2 pair of gloves (worn)
 y - a +1 pair of boots (worn)
 B - a +2 robe of cold resistance (worn)
Jewellery
 i - a ring of protection from fire (left hand)
 m - an uncursed ring of flight
 o - a +6 ring of intelligence
 p - a ring of wizardry (right hand)
 E - an amulet of magic regeneration (around neck)
 G - an uncursed ring of ice
Wands
 c - a wand of digging (3)
 D - a wand of flame (22)
Scrolls
 a - 10 scrolls of identify
 d - 3 scrolls of amnesia
 e - 11 scrolls of teleportation
 q - a scroll of blinking
 t - a scroll of fear
 u - 4 scrolls of remove curse
Potions
 f - 2 potions of flight
 k - 2 potions of lignification
 l - 2 potions of brilliance
 n - 2 potions of berserk rage
 r - a potion of heal wounds
 w - 3 potions of curing
 z - a potion of might
 A - a potion of mutation
Miscellaneous
 C - a phial of floods


   Skills:
 + Level 6.0 Fighting
 - Level 1.0 Short Blades
 + Level 5.3 Maces & Flails
 - Level 6.0 Armour
 + Level 4.9 Dodging
 - Level 2.1 Stealth
 + Level 9.2 Spellcasting
 + Level 10.3 Conjurations
 - Level 0.7 Transmutations
 + Level 11.8 Earth Magic
 + Level 4.9 Evocations


You had 19 spell levels left.
You knew the following spells:

 Your Spells              Type           Power        Failure   Level
a - Sandblast             Erth           100%         1%          1
b - Stone Arrow           Conj/Erth      100%         1%          3
c - Lee's Rapid Deconstr  Erth           30%          1%          5
d - Apportation           Tloc           22%          2%          1

Your spell library contained the following spells:

 Spells                   Type           Power        Failure   Level
 Iron Shot                Conj/Erth      29%          1%          6
 Beastly Appendage        Tmut           28%          1%          1
 Freeze                   Ice            44%          1%          1
 Passwall                 Tmut/Erth      34%          1%          2
 Hailstorm                Conj/Ice       35%          1%          4
 Petrify                  Tmut/Erth      41%          1%          4
 Animate Skeleton         Necr           22%          2%          1
 Corona                   Hex            12%          2%          1
 Summon Small Mammal      Summ           44%          2%          1
 Wereblood                Tmut           14%          2%          2
 Frozen Ramparts          Ice            22%          2%          3
 Spider Form              Tmut/Pois      6%           6%          3
 Ozocubu's Armour         Ice            11%          7%          3
 Conjure Ball Lightning   Conj/Air       17%          12%         6
 Ice Form                 Ice/Tmut       12%          21%         4
 Summon Ice Beast         Ice/Summ       11%          22%         4
 Summon Lightning Spire   Summ/Air       11%          22%         4
 Blade Hands              Tmut           7%           41%         5
 Silence                  Hex/Air        5%           52%         5
 Tornado                  Air            5%           100%        9


Dungeon Overview and Level Annotations

Branches:
Dungeon (12/15)            Temple (1/1) D:4            Lair (0/6) D:8
    Orc (0/2) D:11

Altars:
Ashenzari
Dithmenos
Gozag
Hepliaklqana
Kikubaaqudgha
Makhleb
Nemelex Xobeh
Okawaru
Qazlal
Ru
Sif Muna
Trog
Uskayaw
Vehumet
Yredelemnul
Zin
The Shining One

Shops:
D:7 *

Portals:
Trove: D:11 (give +3 gold dragon scales)


Innate Abilities, Weirdness & Mutations

You are resistant to torment.
Your stone body is resilient. (AC +8)
You are immune to poison.
You resist negative energy. (rN+)
You are resistant to electric shocks. (rElec)
You can survive without breathing.
You are immune to petrification.
You are immune to miasma.
You are partially covered in icy blue scales. (AC +2)
You evolve.


Message History

Aim: a manticore (severely wounded, wandering, hasn't noticed you, 10% to evade)
The blast of sand hits the two-headed ogre!
You kill the two-headed ogre!
Vehumet accepts your kill.
You feel your power returning.
Your life force feels restored.
Your Fighting skill increases to level 6!
Unknown command.
Casting: Sandblast (safe; 1% risk of failure)
Confirm with . or Enter, or press ? or * to list all spells.
Aiming: Sandblast (safe; 1% risk of failure)
Press: ? - help, Shift-Dir - straight line, f/p - manticore
Aim: a manticore (severely wounded, wandering, hasn't noticed you, 10% to evade)
The blast of sand hits the manticore.
The manticore is almost dead.
The manticore bites you but does no damage.
The manticore claws you!
* * * LOW HITPOINT WARNING * * *
The manticore claws you!
You die...

####.######
#.##.##.####
#...)(...'.# #
#.##.##.##.##.#.#
####.#####(.....#
#...####)##.#.#
####.##.##)# #
$##.##.##.##.##)#
..(..).H@....##)#
.##.##.##.##.##.#
####.#####.#
#....###.#
########.#########
######..........^
#################
##### #


You could see a manticore.

Vanquished Creatures
  Gastronok (D:11)
  Snorg (D:11)
  Harold (D:11)
  Fannar (D:10)
  A hydra (D:11)
  2 centaur warriors (D:12)
  A two-headed ogre (D:12)
  A tengu warrior (D:12)
  Urug (D:10)
  2 unseen horrors
  Pikel (D:9)
  An orc knight (D:10)
  2 manticores (D:11)
  A cyclops (D:12)
  A gargoyle (D:12)
  A yaktaur (D:12)
  A centaur skeleton (D:12)
  Psyche (D:9)
  2 kobold demonologists (D:12)
  A jumping spider (shapeshifter) (D:12)
  2 slime creatures (D:7)
  A wraith (D:12)
  A wyvern (D:12)
  A vampire (D:10)
  A yak (D:10)
  Menkaure (D:7)
  A soldier ant (D:11)
  A water moccasin (D:12)
  6 orc warriors
  A sky beast (D:8)
  3 black bears
  A hornet zombie (D:7)
  6 ice beasts
  2 centaurs
  9 ogres
  9 kobold brigands
  2 bullfrogs
  A wyvern skeleton (D:8)
  6 scorpions
  5 wights (D:6)
  2 howler monkeys
  3 electric eels (D:10)
  2 bullfrog zombies
  The ghost of MrTvister the Grave Robber, a weakling DENe (D:3)
  4 centaur zombies
  7 hounds
  A quasit (D:6)
  6 jellies
  2 bullfrog skeletons
  5 orc priests
  6 iguanas
  10 orc wizards
  6 worker ants
  A hound zombie (D:7)
  A howler monkey zombie (D:8)
  3 worker ant zombies
  Robin (D:2)
  4 gnolls (D:5)
  6 adders
  A shadow imp (D:10)
  5 white imps
  An ufetubus (D:6)
  4 oozes (D:7)
  An adder zombie (D:5)
  2 adder skeletons
  3 worms
  7 dart slugs (D:1)
  7 leopard geckos
  58 orcs
  8 bats
  7 giant cockroaches
  16 goblins
  22 hobgoblins
  14 jackals
  4 quokkas
  2 ball pythons (D:3)
  A ball python zombie (D:3)
  4 frilled lizards
  A goblin zombie (D:7)
  3 hobgoblin zombies (D:7)
  2 jackal skeletons
  21 kobolds
  2 kobold skeletons (D:7)
  3 kobold zombies (D:7)
  A leopard gecko zombie (D:8)
  3 rats (D:1)
358 creatures vanquished.

Vanquished Creatures (others)
  A fungus (D:7)
  3 toadstools (D:7)
4 creatures vanquished.

Grand Total: 362 creatures vanquished

Notes
Turn   | Place    | Note
-------+----------+-------------------------------------------
     0 | D:1      | Zazzzer the Gargoyle Earth Elementalist began the quest for
                  | the Orb.
     0 | D:1      | Reached XP level 1. HP: 10/10 MP: 3/3
   347 | D:1      | Reached skill level 4 in Earth Magic
   347 | D:1      | Reached XP level 2. HP: 15/15 MP: 5/5
   740 | D:1      | Reached XP level 3. HP: 9/19 MP: 4/6
   744 | D:1      | Learned a level 3 spell: Stone Arrow
  1802 | D:1      | Reached XP level 4. HP: 24/24 MP: 8/8
  1920 | D:2      | Reached skill level 1 in Conjurations
  1970 | D:2      | Noticed Robin
  1990 | D:2      | Killed Robin
  2161 | D:2      | Reached skill level 1 in Short Blades
  3003 | D:3      | Reached XP level 5. HP: 28/28 MP: 5/9
  3021 | D:3      | Learned a level 5 spell: Lee's Rapid Deconstruction
  3063 | D:3      | Reached skill level 5 in Earth Magic
  3234 | D:3      | Noticed MrTvister's ghost (weakling DENe)
  3247 | D:3      | Found a runed translucent gate.
  3247 | D:3      | Found a runed translucent gate.
  3249 | D:3      | Found a runed translucent gate.
  3717 | D:3      | Found a shimmering blue altar of Sif Muna.
  3836 | D:3      | Killed MrTvister's ghost
  3953 | D:4      | Found a hide-covered altar of Uskayaw.
  3967 | D:4      | Found a staircase to the Ecumenical Temple.
  3978 | Temple   | Entered the Ecumenical Temple
  3984 | Temple   | Became a worshipper of Vehumet
  4077 | D:4      | Reached XP level 6. HP: 12/32 MP: 11/11
  4457 | D:4      | Found a stormy altar of Qazlal.
  4459 | D:4      | Found a hazy altar of Hepliaklqana.
  5285 | D:4      | Found a sparkling altar of Nemelex Xobeh.
  5293 | D:4      | Reached skill level 6 in Earth Magic
  5357 | D:5      | Entered Level 5 of the Dungeon
  5367 | D:5      | Reached XP level 7. HP: 28/36 MP: 13/13
  5978 | D:5      | Reached * piety under Vehumet
  5978 | D:5      | Offered knowledge of Magic Dart by Vehumet.
  6003 | D:5      | Reached skill level 7 in Earth Magic
  6011 | D:5      | Reached skill level 5 in Spellcasting
  6011 | D:5      | Reached XP level 8. HP: 23/41 MP: 7/15
  6243 | D:5      | Reached skill level 5 in Conjurations
  6977 | D:5      | Found an ancient bone altar of Kikubaaqudgha.
  7730 | D:6      | Reached skill level 8 in Earth Magic
  7928 | D:6      | Reached XP level 9. HP: 44/45 MP: 18/18
  8376 | D:6      | Learned a level 1 spell: Apportation
  8478 | D:7      | Reached skill level 9 in Earth Magic
  8481 | D:7      | Found a glowing golden altar of the Shining One.
  8520 | D:7      | Offered knowledge of Foxfire by Vehumet.
  8616 | D:7      | Found a bloodstained altar of Trog.
  8632 | D:7      | Reached ** piety under Vehumet
  9160 | D:7      | Gained mutation: You tend to lose your temper in combat.
                  | [potion of mutation]
  9160 | D:7      | Gained mutation: Your spells are a little easier to cast,
                  | but a little less powerful. [potion of mutation]
  9160 | D:7      | Lost mutation: Your spells are a little easier to cast, but
                  | a little less powerful. [potion of mutation]
  9291 | D:7      | Reached skill level 10 in Earth Magic
  9387 | D:7      | Reached XP level 10. HP: 50/50 MP: 21/21
  9585 | D:7      | Found Doxuomis's Assorted Antiques.
  9606 | D:7      | Bought a scroll labelled IFOJ QAOMM for 28 gold pieces
  9606 | D:7      | Bought a scroll of identify for 56 gold pieces
  9607 | D:7      | Bought a potion of mutation for 224 gold pieces
  9607 | D:7      | Lost mutation: You tend to lose your temper in combat.
                  | [potion of mutation]
  9607 | D:7      | Gained mutation: You evolve. [potion of mutation]
  9607 | D:7      | Gained mutation: You are partially covered in icy blue
                  | scales. (AC +2) [potion of mutation]
  9877 | D:7      | Noticed Menkaure
  9904 | D:7      | Killed Menkaure
  9905 | D:7      | Reached skill level 1 in Fighting
  9907 | D:7      | Reached skill level 1 in Maces & Flails
  9907 | D:7      | Reached skill level 1 in Armour
  9918 | D:7      | Offered knowledge of Inner Flame by Vehumet.
 10286 | D:8      | Reached skill level 1 in Evocations
 10795 | D:8      | Found a staircase to the Lair.
 11351 | D:8      | Reached *** piety under Vehumet
 11630 | D:9      | Found an iron altar of Okawaru.
 11773 | D:9      | Found a sacrificial altar of Ru.
 11849 | D:9      | Noticed Psyche
 11869 | D:9      | Killed Psyche
 11930 | D:9      | Noticed Pikel
 11955 | D:9      | Killed Pikel
 11955 | D:9      | Offered knowledge of Ignite Poison by Vehumet.
 12399 | D:10     | Entered Level 10 of the Dungeon
 12544 | D:10     | Killed an unseen horror
 12981 | D:10     | Noticed Urug
 12988 | D:10     | Killed Urug
 12989 | D:10     | Reached XP level 11. HP: 15/60 MP: 9/23
 13586 | D:10     | Noticed Fannar
 13603 | D:10     | Killed Fannar
 13949 | D:10     | Reached **** piety under Vehumet
 13991 | D:10     | Offered knowledge of Conjure Flame by Vehumet.
 14054 | D:10     | Noticed an orc knight
 14060 | D:10     | Killed an orc knight
 14061 | D:10     | Reached skill level 11 in Earth Magic
 14701 | D:11     | Found a staircase to the Orcish Mines.
 14769 | D:11     | Noticed a four-headed hydra
 14773 | D:11     | Killed a four-headed hydra
 14826 | D:11     | Noticed a manticore
 14828 | D:11     | Killed a manticore
 14947 | D:11     | Identified the +9 dagger of Ahaigg {vorpal, +Inv rPois
                  | rF+++ Str-2 Int+4} (You found it on level 11 of the
                  | Dungeon)
 14961 | D:11     | Found a portal to a secret trove of treasure.
 14961 | D:11     | Noticed Gastronok
 15175 | D:11     | Noticed a manticore
 15186 | D:11     | Killed a manticore
 15590 | D:11     | Noticed Harold
 15608 | D:11     | Killed Harold
 15608 | D:11     | Noticed Snorg
 15614 | D:11     | Killed Snorg
 16029 | D:11     | Killed Gastronok
 16030 | D:11     | Reached skill level 5 in Fighting
 16030 | D:11     | Reached skill level 5 in Armour
 16030 | D:11     | Reached XP level 12. HP: 68/68 MP: 16/24
 16404 | D:12     | Reached ***** piety under Vehumet
 16407 | D:12     | Reached skill level 10 in Conjurations
 16417 | D:12     | Offered knowledge of Iron Shot by Vehumet.
 16421 | D:12     | Noticed a centaur warrior
 16445 | D:12     | Killed a centaur warrior
 16592 | D:12     | Noticed a tengu warrior
 16594 | D:12     | Reached skill level 5 in Maces & Flails
 16597 | D:12     | Noticed a centaur warrior
 16609 | D:12     | Killed a centaur warrior
 16612 | D:12     | Noticed a two-headed ogre
 16622 | D:12     | Killed a tengu warrior
 16636 | D:12     | Killed a two-headed ogre
 16637 | D:12     | Slain by a manticore

Illustrated notes

Levels and vault maps discovered:
D:1:      lightli_arrival_quake, layout_basic, st_stairs_11, nrook_uturn,
          minmay_indecisive_spiral
D:2:      layout_loops_ring, uniq_robin
D:3:      layout_loops_ring, gammafunk_ghost_split, led_sif_pool
D:4:      layout_gridville, eat_drink_and_be_merry_uskayaw,
          nicolae_overflow_hidden_temple, minmay_temple_entry_stoned_glass
D:5:      layout_loops_corners, kennysheep_mini_moat
D:6:      layout_basic, hangedman_glass_teeth
D:7:      cheibrodos_fertilizer, layout_basic, nicolae_tso_besieged_by_evil,
          serial_shops, shop, trog_ov_bears_minmay, uniq_menkaure
D:8:      layout_loops_corners, lair_entry_dummy, eino_tiny_chamber
D:9:      layout_stronghold, kennysheep_little_box, okawaru_trees_2,
          uniq_psyche, uniq_pikel
D:10:     cheibrodos_orc_bank, layout_basic, minmay_starry_boxes, uniq_urug,
          uniq_fannar
D:11:     layout_irregular_city, hiddenorc1_lemuel,
          nicolae_trove_entry_diagonal, st_stairs_14, uniq_harold, uniq_snorg,
          uniq_gastronok
D:12:     hangedman_cross_veins, layout_basic
Temple:   eino_narrow_crystal_temple

Skill      XL: |  1  2  3  4  5  6  7  8  9 10 11 12 |
---------------+-------------------------------------+-----
Earth Magic    | 4 5 6 7 8 10 11 | 11.8
Conjurations   | 1 2 3 4 6 8 9 10 | 10.3
Spellcasting   | 3 4 5 6 7 8 9 |  9.2
Short Blades   | 1 |  1.0
Fighting       | 3 5 6 |  6.0
Maces & Flails | 3 4 5 |  5.3
Armour         | 3 5 6 |  6.0
Dodging        | 3 4 |  4.9
Evocations     | 2 4 |  4.9
Stealth        | |  2.1
Transmutations | |  0.7

Action                   |  1- 3 |  4- 6 |  7- 9 | 10-12 || total
-------------------------+-------+-------+-------+-------++-------
Melee: Club              |   196 |    87 |       |       ||   283
       Spear             |       |    19 |       |       ||    19
       Dagger            |       |    52 |   289 |   536 ||   877
 Cast: Sandblast         |    12 |    38 |    89 |    61 ||   200
       Lee's Rapid Decon |       |     3 |     5 |    35 ||    43
       Stone Arrow       |       |       |     1 |    17 ||    18
 Abil: Evoke Invisibilit |       |       |       |     2 ||     2
Evoke: Wand              |       |       |       |    27 ||    27
  Use: Scroll            |       |    12 |     8 |     9 ||    29
       Potion            |       |       |     1 |     3 ||     4
 Stab: Sleeping          |     4 |     6 |     4 |     3 ||    17
       Invisible         |       |       |       |     1 ||     1
Armor: Robe              |    86 |    67 |   154 |   315 ||   622
Dodge: Dodged            |   205 |   111 |   176 |   364 ||   856

Table legend: (Time is in decaauts)
 A = Elapsed time spent in this place.
 B = Non-inter-level travel time spent in this place.
 C = Inter-level travel time spent in this place.
 D = Time resting spent in this place.
 E = Time spent auto-exploring this place.
 F = Levels seen in this place.
 G = Mean time per level.
                   A        B        C        D        E       F      G
               +--------+--------+--------+--------+--------+-----+--------+
         Total |  16703 |  16301 |    402 |   2619 |  10461 |  13 | 1284.8 |
       Dungeon |  16690 |  16294 |    396 |   2619 |  10461 |  12 | 1390.8 |
        Temple |     12 |      6 |      6 |      0 |      0 |   1 |   12.0 |
               +--------+--------+--------+--------+--------+-----+--------+

Top non-repeatable levels by time:
    D:10: 2216 daAuts
     D:1: 1972 daAuts
     D:7: 1786 daAuts
     D:5: 1712 daAuts
    D:11: 1680 daAuts
     D:4: 1389 daAuts
     D:6: 1354 daAuts
     D:8: 1284 daAuts
     D:2: 1082 daAuts
     D:3: 979 daAuts
     D:9: 891 daAuts
    D:12: 340 daAuts
  Temple: 12 daAuts
